 Dungeon Crawl Stone Soup version 0.31-a0-854-g362426d53f (webtiles) character file.

Game seed: 10966789535956699507

333 Kurtz the Sneak (level 6, 0/57 HPs)
             Began as a Naga Delver on Oct 8, 2023.
             Slain by a gnoll
             ... wielding a +0 flail
              (6 damage)
             ... on level 4 of the Dungeon.
             The game lasted 00:03:50 (3561 turns).

Kurtz the Sneak (Naga Delver)                       Turns: 3561, Time: 00:03:51

Health: 0/57       AC:  7    Str: 15    XL:     6   Next: 53%
Magic:  6/6        EV:  5    Int: 10    God:
Gold:   188        SH:  0    Dex: 14    Spells: 5/5 levels left

rFire   . . .        a - +0 hand axe
rCold   . . .        (no shield)
rNeg    . . .        r - +0 chain mail
rPois   +            (no helmet)
rElec   .            (no cloak)
rCorr   .            j - +0 pair of gloves
SInv    +            (no barding)
Will    +....        (no amulet)
Stlth   +            h - ring of willpower
HPRegen 0.29/turn    (no ring)
MPRegen 0.10/turn

%: no passive effects
@: hasted, quick
A: AC +2, large, see invisible, deformed body, poison resistance, slowness 2,
spit poison 1, naga tail 1
a: Spit Poison


You were on level 4 of the Dungeon.
You visited 1 branch of the dungeon, and saw 5 of its levels.

You collected 188 gold pieces.

Inventory:

Hand Weapons
 a - a +0 hand axe (weapon)
 z - a +1 whip of freezing
Missiles
 p - 6 poisoned darts
Armour
 b - a +0 leather armour
 j - a +0 pair of gloves (worn)
 q - a +0 tower shield
 r - a +0 chain mail (worn)
Jewellery
 h - a ring of willpower (left hand)
Wands
 g - a wand of digging (3)
Scrolls
 c - a scroll of fog
 d - a scroll of revelation
 e - 2 scrolls of fear
 k - a scroll of blinking {unknown}
 m - a scroll of identify
 n - 2 scrolls of noise {unknown}
 o - a scroll of teleportation
 s - a scroll of torment {unknown}
 t - a scroll of poison {unknown}
 w - a scroll of brand weapon {unknown}
 y - a scroll of amnesia {unknown}
Potions
 i - a potion of curing {unknown}
 l - 2 potions of mutation {unknown}
 u - a potion of attraction {unknown}
 v - a potion of cancellation {unknown}
 x - a potion of heal wounds {unknown}
 A - a potion of invisibility {unknown}


   Skills:
 * Level 3.9 Fighting
 * Level 6.0 Axes
 - Level 1.5 Dodging
 - Level 7.2 Stealth
 - Level 1.1 Shields


You had 5 spell levels left.
You didn't know any spells.
Your spell library was empty.

Dungeon Overview and Level Annotations

Branches:
Dungeon (5/15)
 Temple: D:4-7

Altars:
Cheibriados
Wu Jian

Annotations:
D:4 Pikel


Innate Abilities, Weirdness & Mutations

Your serpentine skin is tough. (AC +2)
You have supernaturally acute eyesight. (SInv)
Armour fits poorly on your strangely shaped body.
Your system is resistant to poisons. (rPois)
You cover ground very slowly.
You can spit poison.
You have a snake-like lower body.


Message History

You kill the gnoll!
The gnoll shouts!
Things that are here:
a +0 flail; a gnoll corpse You have got your breath back.
The gnoll shouts!
The gnoll hits you with a +0 flail.
You slash the gnoll! You punch the gnoll.
The gnoll is severely wounded.
The gnoll hits you with a +0 flail.
Okay, then.
You feel yourself speed up. The gnoll hits you with a +0 flail.
You hit the gnoll.
You kill the gnoll!
The gnoll hits you from afar with a +0 spear.
Your Axes skill increases to level 6!
Unknown command.
The gnoll hits you with a +0 flail.
You see here a +0 flail.
You hit the gnoll but do no damage. You barely miss the gnoll.
The gnoll hits you but does no damage. The gnoll hits you with a +0 flail!
Unknown command.
You hit the gnoll but do no damage. You hit the gnoll.
The gnoll hits you with a +0 spear.
You closely miss the gnoll.
The gnoll is moderately wounded.
You hit the gnoll. The gnoll hits you but does no damage.
Unknown command.
You hit the gnoll.
The gnoll is severely wounded.
You hit the gnoll but do no damage. The gnoll hits you with a +0 spear.
* * * LOW HITPOINT WARNING * * *
The gnoll hits you with a +0 flail.
* * * LOW HITPOINT WARNING * * *
You hit the gnoll.
The gnoll is almost dead.
You hit the gnoll but do no damage. The gnoll hits you with a +0 spear!
* * * LOW HITPOINT WARNING * * *
The gnoll hits you with a +0 flail.
You die...

.##.##...# ..#.##...####
##..........##.#
##............#
#.........#######
##...............#
##.##....##.#####.# ##
..<....>.##.#####g##...#
##..#.......##..@g...#
#..........##)#####.#
#......###.##.#
##......# #....#
.#.......#####.# #
#.......## #.#####.#
.......## #.......#
##..#.## ###..##.#
##..##### #####.###.#


You could see 2 gnolls.

Vanquished Creatures
  A lemure (D:3)
  A phantom (D:4)
  2 hounds
  2 iguanas (D:4)
  An orc wizard (D:4)
  5 adders
  2 gnolls (D:4)
  2 worms (D:3)
  4 orcs (D:4)
  2 ball pythons (D:1)
  5 bats
  5 endoplasms
  A giant cockroach (D:1)
  6 goblins
  7 hobgoblins
  4 jackals (D:2)
  A kobold (D:4)
  A quokka (D:1)
  A frilled lizard (D:2)
  5 rats
58 creatures vanquished.

Notes
Turn   | Place    | Note
-------+----------+-------------------------------------------
     0 | D:5      | Kurtz the Naga Delver began the quest for the Orb.
     0 | D:5      | Reached XP level 1. HP: 21/21 MP: 1/1
   148 | D:2      | Reached XP level 2. HP: 21/28 MP: 2/2
   419 | D:1      | Reached XP level 3. HP: 31/34 MP: 3/3
  1017 | D:2      | Reached skill level 1 in Shields
  1300 | D:3      | Reached XP level 4. HP: 29/42 MP: 4/4
  1593 | D:3      | Found an ornate altar of the Wu Jian Council.
  1744 | D:3      | Found a snail-covered altar of Cheibriados.
  1792 | D:3      | Found a faded altar of an unknown god.
  2268 | D:4      | Noticed a phantom
  2298 | D:4      | Killed a phantom
  2299 | D:4      | Reached XP level 5. HP: 25/49 MP: 5/5
  2423 | D:4      | Reached skill level 5 in Axes
  2889 | D:4      | Reached XP level 6. HP: 51/56 MP: 6/6
  3159 | D:4      | Noticed Pikel
  3535 | D:5      | Noticed an ice beast
  3561 | D:4      | Slain by a gnoll

Illustrated notes

Levels and vault maps discovered:
D:1:      minmay_arrival_arboretum_small, layout_rooms
D:2:      layout_basic, hangedman_abyss_or_decor_lesser_grid
D:3:      layout_loops_corners, mainiacjoe_overflow_six_doors_small,
          overflow_temple_1_default, basic_ecumenical_altar
D:4:      layout_loops_ring, makhleb_altar_promises_db, uniq_pikel
D:5:      layout_gridville, overflow_temple_1_default, zin_academy,
          minmay_temple_entry_offerings

Skill      XL: |  1  2  3  4  5  6 |
---------------+-------------------+-----
Axes           | 3 4 5 6 |  6.0
Shields        | 1 |  1.1
Fighting       | |  3.9
Dodging        | |  1.5
Stealth        | |  7.2

Action                     |  1- 3 |  4- 6 || total
---------------------------+-------+-------++-------
  Melee: Hand axe          |   121 |   176 ||   297
         Punch             |     3 |     1 ||     4
         Whip              |       |    24 ||    24
Ability: Spit Poison       |     1 |    12 ||    13
    Use: Scroll            |       |     2 ||     2
         Potion            |       |     1 ||     1
   Stab: Sleeping          |     7 |     1 ||     8
 Armour: Leather armour    |    48 |       ||    48
         Chain mail        |    55 |   240 ||   295
  Dodge: Dodged            |    54 |    49 ||   103

Table legend: (Time is in decaauts)
 A = Elapsed time spent in this place.
 B = Non-inter-level travel time spent in this place.
 C = Inter-level travel time spent in this place.
 D = Time resting spent in this place.
 E = Time spent auto-exploring this place.
 F = Levels seen in this place.
 G = Mean time per level.
                   A        B        C        D        E       F      G
               +--------+--------+--------+--------+--------+-----+--------+
         Total |   4368 |   4091 |    277 |    992 |   2249 |   5 |  873.6 |
       Dungeon |   4368 |   4091 |    277 |    992 |   2249 |   5 |  873.6 |
               +--------+--------+--------+--------+--------+-----+--------+

Top non-repeatable levels by time:
     D:3: 1872 daAuts
     D:4: 903 daAuts
     D:2: 868 daAuts
     D:1: 582 daAuts
     D:5: 141 daAuts
